AoeStats
← Pab Mienko

Team Islands

503361076Analyzed
2v2 RM · 1mo ago on Aug 31, 2026· 24m 25s· 4 players
Game mode
Random Map
Map size
185×185
Population
200
Speed
Normal
Resources
Standard
Victory
Conquest
Starting age
Dark Age
Ending age
Imperial Age
RankedLock teamsTeams togetherTeam positionsShared explorationLock speedFull tech treeHidden civsTurbo modeCheats
Victory
Defeat
🇹🇷 Spanish · Türkiye
808
+15
🇹🇷 Italians · Türkiye
779
+17
🇪🇸 Spanish · Spain
802
-16
🇪🇸 Chinese · Spain
782
-15
Pab Mienko
7:16 Loom
9:27 Feudal Age
12:53 Double-Bit Axe
15:41 Castle Age
15:02 Gold Mining
16:53 Fishing Lines
17:40 Medium Warships
17:18 Town Watch
18:20 Loom
20:59 Wheelbarrow
Outlander
5:14 Loom
11:57 Feudal Age
12:56 Double-Bit Axe
16:23 Wheelbarrow
18:57 Castle Age
20:26 Gold Mining
20:17 Horse Collar
21:05 Bow Saw
22:31 Medium Warships
23:59 Horse Collar
juasalaca8
11:10 Feudal Age
12:05 Double-Bit Axe
16:48 Fletching
20:50 Castle Age
21:14 Man-at-Arms
24:12 Bow Saw
23:55 Gold Mining
23:55 Stone Mining
23:46 Horse Collar
25:04 Wheelbarrow
Spike
1:28 Loom
10:41 Feudal Age
15:28 Wheelbarrow
21:24 Man-at-Arms
25:51 Castle Age
Connection lost

Rejoining the realm…

Still unreachable

The connection could not be restored.

Session expired

The server has moved on; the page needs a fresh start.